 Dungeon Crawl Stone Soup version 0.17-a0-1805-g6093636 (webtiles) character file.

81 wvc the Changer (level 4, -12/28 HPs)
             Began as an Octopode Transmuter on Sept 12, 2015.
             Mangled by Medved's ghost (14 damage)
             ... on level 3 of the Dungeon.
             The game lasted 00:06:02 (1918 turns).

wvc the Changer (Octopode Transmuter)               Turns: 1918, Time: 00:06:02

Health: -12/28     AC:  1    Str:  9    XL:     4   Next: 42%
Magic:  6/8        EV:  7    Int: 16    God:
Gold:   187        SH:  0    Dex: 12    Spells: 2 memorised, 5 levels left

rFire  . . .     SeeInvis .       - Unarmed
rCold  . . .     Clarity  .     (no shield)
rNeg   . . .     SustAt   .     (helmet restricted)
rPois  +         Gourm    .     (no amulet)
rElec  .         Spirit   .     q - ring of poison resistance
rCorr  .         Warding  .     (no ring)
rMut   .         Stasis   .     (no ring)
MR     .....                    (no ring)
Stlth  ++........               (no ring)
                                (no ring)
                                (no ring)
                                (no ring)

@: not resistant to hostile enchantments, unstealthy
A: almost no armour, amphibious, 8 rings, constrict 8, camouflage 1, gelatinous
body 1
a: no special abilities


You were on level 3 of the Dungeon.
You were hungry.

You visited 1 branch of the dungeon, and saw 3 of its levels.

You collected 187 gold pieces.

Inventory:

Missiles
 a - 28 arrows
Magical staves
 f - an uncursed staff of power
Jewellery
 i - an uncursed ring of teleportation
 q - a ring of poison resistance (left tentacle)
Magical devices
 e - a wand of magic darts (0)
 j - a wand of confusion (24)
Scrolls
 l - a scroll of remove curse
 m - a scroll of identify
Potions
 h - a potion of cure mutation
 k - a potion of agility
Books
 b - a book of Changes

   Spells                             Type                      Level
   a - Beastly Appendage              Transmutation                1
   b - Sticks to Snakes               Transmutation                2
   c - Spider Form                    Transmutation/Poison         3
   d - Ice Form                       Ice/Transmutation            4
   e - Blade Hands                    Transmutation                5
Comestibles
 c - a bread ration
 d - a beef jerky
 g - a chunk of flesh
 n - a meat ration


   Skills:
 - Level 1.0 Fighting
 - Level 2.0 Dodging
 - Level 3.0 Unarmed Combat
 + Level 3.1 Spellcasting
 + Level 3.2 Transmutations
 * Level 1.2 Poison Magic
 + Level 0.4 Evocations


You had 5 spell levels left.
You knew the following spells:

 Your Spells              Type           Power        Failure   Level  Hunger
a - Beastly Appendage     Trmt           ##....       6%          1    None
b - Spider Form           Trmt/Pois      #.........   21%         3    ###....


Dungeon Overview and Level Annotations

Branches:
Dungeon (3/15)

Altars:
Fedhas
Nemelex Xobeh

Annotations:
D:3 Medved's ghost, average MiBe


Innate Abilities, Weirdness & Mutations

You cannot wear most types of armour.
You are amphibious.
You can wear up to eight rings at the same time.
You can use your tentacles to constrict eight enemies at once.
Your skin changes colour to match your surroundings (Stealth).
Your rubbery body absorbs attacks (AC +1).


Message History

Medved's ghost hits you.
You hit Medved's ghost.
Medved's ghost is moderately damaged.
Medved's ghost hits you.
* * * LOW HITPOINT WARNING * * *
You closely miss Medved's ghost.
Medved's ghost is moderately damaged.
Your transformation is almost over.
Medved's ghost hits you.
* * * LOW HITPOINT WARNING * * *
You hit Medved's ghost.
Medved's ghost is heavily damaged.
Medved's ghost hits you.
* * * LOW HITPOINT WARNING * * *
You are feeling hungry.
Your transformation has ended.
There is a stone staircase leading up, spattered with blood here.
Medved's ghost hits you!
Ouch! That really hurt!
You die...

.### ##........# #.# #######....
...###..##########.####>....<....
.....#..................#####....
รท......######## ##.## ....
..#.....#########...# ....
..#.###...(.........# ....
#.#...###########...### .###
#.###..## #.W)....# ## #.. ##..##
#.@.....# ##. ##..### ###...###
##...## #...# ###.<# #...# ##.#
##### ..# ##.. #... #..##


You could see Medved's ghost.

Vanquished Creatures
  4 adders
  A giant cockroach (D:2)
  6 goblins
  9 hobgoblins
  12 bats
  2 giant newts
  7 kobolds
  6 rats
47 creatures vanquished.

Notes
Turn   | Place    | Note
--------------------------------------------------------------
     0 | D:1      | wvc the Octopode Transmuter began the quest for the Orb.
     0 | D:1      | Reached XP level 1. HP: 13/13 MP: 3/3
   234 | D:1      | Reached XP level 2. HP: 15/18 MP: 3/5
   239 | D:1      | Found a sparkling altar of Nemelex Xobeh.
   980 | D:2      | Reached XP level 3. HP: 23/23 MP: 6/7
  1068 | D:2      | Learned a level 3 spell: Spider Form
  1187 | D:2      | Found a blossoming altar of Fedhas.
  1492 | D:3      | Noticed Medved's ghost (average MiBe)
  1588 | D:3      | Reached XP level 4. HP: 28/28 MP: 8/8
  1724 | D:3      | Reached skill level 1 in Poison Magic
  1918 | D:3      | Mangled by Medved's ghost

Vault maps used:
D:1:      eino_arrival_water_star, nemelex_diamond_rough_becter
D:2:      fedhas_altar_2
D:3:      nicolae_overflow_hidden_temple, first_bread

Action                   |  1- 3 |  4- 6 || total
-------------------------+-------+-------++-------
Melee: Unarmed           |    71 |    23 ||    94
       Staff             |     4 |       ||     4
 Cast: Beastly Appendage |    21 |     1 ||    22
       Spider Form       |       |     1 ||     1
Evoke: Wand              |    11 |     4 ||    15
  Use: Scroll            |     8 |       ||     8
 Stab: Sleeping          |     5 |       ||     5
  Eat: Chunk             |     2 |     1 ||     3
